 Dungeon Crawl Stone Soup version 0.23-b1-86-gba62f8e092 (webtiles) character file.

Game seed: 14959999544257153309

35 Phantomfrettchen the Insei (level 3, 0/29 HPs)
             Began as a Demonspawn Chaos Knight on Feb 7, 2019.
             Was a Plaything of Xom.
             Slain by an adder (5 damage)
             ... on level 2 of the Dungeon.
             The game lasted 00:05:33 (990 turns).

Phantomfrettchen the Insei (Demonspawn Chaos Knight) Turns: 990, Time: 00:05:34

Health: 0/29       AC:  6    Str: 14    XL:     3   Next: 16%
Magic:  3/3        EV: 11    Int: 13    God:    Xom [.....*]
Gold:   38         SH:  0    Dex: 13    Spells: 2/2 levels left

rFire    . . .     SeeInvis .     - Unarmed
rCold    . . .     Gourm    .   (no shield)
rNeg     . . .     Faith    .   a - +2 leather armour
rPois    .         Spirit   .   (helmet restricted)
rElec    .         Reflect  .   j - +0 cloak
rCorr    .         Harm     .   (no gloves)
MR       .....     Clarity  +   (no boots)
Stlth    +.........             h - amulet of inaccuracy (curse)
HPRegen  0.09/turn              (no ring)
MPRegen  0.08/turn              (no ring)

@: no status effects
A: antennae 1, clarity, strong 1, evolution 1, MP-powered wands
a: Renounce Religion


You were on level 2 of the Dungeon.
You worshipped Xom.
You were Xom's teddy bear.
You were not hungry.

You visited 1 branch of the dungeon, and saw 2 of its levels.

You collected 38 gold pieces.

Inventory:

Missiles
 c - 16 stones (quivered)
Armour
 a - a +2 leather armour (worn)
 j - a +0 cloak (worn)
Jewellery
 h - a cursed amulet of inaccuracy (around neck)
Scrolls
 e - a scroll of amnesia
 f - a scroll of enchant weapon
Comestibles
 b - 4 rations
 d - 2 chunks of flesh


   Skills:
 + Level 3.3 Fighting
 + Level 2.0 Armour
 + Level 1.0 Dodging
 + Level 0.4 Stealth
 + Level 3.4 Unarmed Combat


You had 2 spell levels left.
You didn't know any spells.
Your spell library was empty.

Dungeon Overview and Level Annotations

Branches:
Dungeon (2/15)

Altars:


Innate Abilities, Weirdness & Mutations

You have a pair of small antennae on your head.
You possess an exceptional clarity of mind.
Your muscles are strong. (Str +2)
You evolve.
You expend magic power (3 MP) to strengthen your wands.


Message History

You closely miss the jackal. The jackal closely misses you.
You miss the jackal.
The jackal bites you but does no damage.
You closely miss the jackal.
The jackal bites you but does no damage.
The jackal closely misses you.
You hit the jackal.
The jackal is lightly wounded.
The jackal closely misses you.
You closely miss the jackal.
The jackal is lightly wounded.
The jackal closely misses you.
You hit the jackal.
The jackal is moderately wounded.
The jackal misses you.
The jackal bites you but does no damage.
You hit the jackal.
You kill the jackal!
You miss the adder. The adder bites you.
You die...

## ###. #.. .
#.####..#
#############........
#......@Sg...%..?....
###..####.........###
##......#.#>...##
#...##...#..#....
#......###.##.....
#.##.#.....# ....
####..#>)..##....#
##..รท..........
####.........


You could see an adder and a goblin.

Vanquished Creatures
  An adder (D:2)
  A dart slug (D:1)
  4 bats
  5 goblins
  A hobgoblin (D:1)
  3 jackals (D:2)
  3 kobolds (D:1)
  3 rats
21 creatures vanquished.

Notes
Turn   | Place    | Note
-------+----------+-------------------------------------------
     0 | D:1      | Phantomfrettchen the Demonspawn Chaos Knight began the
                  | quest for the Orb.
     0 | D:1      | Reached XP level 1. HP: 18/18 MP: 1/1
   273 | D:1      | Gained mutation: You have a pair of small antennae on your
                  | head. [demonic ancestry]
   273 | D:1      | Reached XP level 2. HP: 24/24 MP: 2/2
   295 | D:1      | XOM: harmless Conj miscast
   501 | D:1      | XOM: harmless Chrm miscast
   667 | D:1      | XOM: give mutations
   667 | D:1      | Gained mutation: You expend magic power (3 MP) to
                  | strengthen your wands. [Xom's grace]
   667 | D:1      | Gained mutation: You possess an exceptional clarity of
                  | mind. [Xom's grace]
   667 | D:1      | Gained mutation: You evolve. [Xom's grace]
   667 | D:1      | Gained mutation: Your muscles are strong. (Str +2) [Xom's
                  | grace]
   830 | D:2      | Reached skill level 1 in Dodging
   842 | D:2      | XOM: 2-stop teleportation journey
   925 | D:2      | Reached XP level 3. HP: 17/29 MP: 3/3
   990 | D:2      | Slain by an adder

Skill      XL: |  1  2 |
---------------+-------+-----
Unarmed Combat | 3 |  3.4
Dodging        | 1 |  1.0
Armour         | 2 |  2.0
Fighting       | |  3.3
Stealth        | |  0.4

Action                   || total
-------------------------++-------
Melee: Unarmed           ||    98
  Use: Scroll            ||     2
       Potion            ||     2
 Stab: Distracted        ||     1
Armor: Leather armour    ||    47
Dodge: Dodged            ||    81
